 Dungeon Crawl Stone Soup version 0.21-a0-516-gaaff437 (webtiles) character file.

34 Gerstahl the Charlatan (level 3, 0/27 HPs)
             Began as a Demonspawn Artificer on Dec 3, 2017.
             Slain by a jackal (1 damage)
             ... on level 2 of the Dungeon.
             The game lasted 00:02:46 (1225 turns).

Gerstahl the Charlatan (Demonspawn Artificer)       Turns: 1225, Time: 00:02:47

Health: 0/27       AC:  3    Str: 11 (12) XL:     3   Next: 14%
Magic:  5/5        EV: 12    Int: 10 (12) God:
Gold:   62         SH:  0    Dex: 13 (14) Spells: 2/2 levels left

rFire    . . .     SeeInvis .   a - +0 short sword
rCold    . . .     Gourm    .   (no shield)
rNeg     . . .     Faith    .   b - +0 leather armour
rPois    .         Spirit   .   (no helmet)
rElec    .         Reflect  .   (no cloak)
rCorr    .         Harm     .   (no gloves)
MR       .....                  (no boots)
Stlth    +.........             (no amulet)
HPRegen  0.09/turn              (no ring)
MPRegen  0.09/turn              (no ring)

@: no status effects
A: rot immunity
a: no special abilities


You were on level 2 of the Dungeon.
You were not hungry.

You visited 1 branch of the dungeon, and saw 2 of its levels.

You collected 62 gold pieces.

Inventory:

Hand Weapons
 a - a +0 short sword (weapon)
Armour
 b - a +0 leather armour (worn)
Jewellery
 k - a +2 ring of strength {unknown}
 m - an uncursed ring of protection from fire {unknown}
Wands
 c - a wand of flame (15)
 d - a wand of enslavement (15)
 e - a wand of random effects (15)
Scrolls
 g - a scroll of remove curse {unknown}
 h - a scroll of magic mapping {unknown}
 i - a scroll of fog {unknown}
 j - a scroll of enchant weapon {unknown}
 l - a scroll of amnesia {unknown}
Potions
 o - a potion of haste {unknown}
Comestibles
 f - 2 bread rations
 p - a chunk of flesh
 q - a meat ration


   Skills:
 + Level 1.9 Fighting
 + Level 1.7 Short Blades
 - Level 1.7 Dodging
 - Level 0.8 Stealth
 + Level 3.5 Evocations


You had 2 spell levels left.
You didn't know any spells.

Dungeon Overview and Level Annotations

Branches:
Dungeon (2/15)

Altars:


Innate Abilities, Weirdness & Mutations

You are immune to rotting.


Message History

The jackal misses you.
You barely miss the jackal.
The jackal is severely wounded.
The jackal barely misses you. The jackal misses you.
You hit the jackal but do no damage.
The jackal is severely wounded.
The jackal bites you.
* * * LOW HITPOINT WARNING * * *
You hit the jackal but do no damage.
The jackal is severely wounded.
* * * LOW HITPOINT WARNING * * *
You feel sick.
You are no longer poisoned.
The jackal bites you but does no damage.
The jackal closely misses you.
It was a potion of degeneration.
There was something very wrong with that liquid.
You feel weakened.
You feel dopey.
You feel clumsy. The jackal bites you.
You die...

#########
#.......########
#########S......#......#
.......@hhh.....'......'
#......##b......#......#
#...... #!....).#(.....#
#...... #.......#......#
####+## #.......#......#
#.....(.########
#########


You could see an adder, 3 jackals and a bat.

Vanquished Creatures
  2 oozes (D:1)
  2 dart slugs
  2 giant cockroaches (D:1)
  5 hobgoblins
  A bat (D:1)
  3 frilled lizards (D:1)
  5 kobolds
  A rat (D:2)
21 creatures vanquished.

Notes
Turn   | Place    | Note
-------+----------+-------------------------------------------
     0 | D:1      | Gerstahl the Demonspawn Artificer began the quest for the Orb.
     0 | D:1      | Reached XP level 1. HP: 15/15 MP: 3/3
    46 | D:1      | Reached skill level 1 in Short Blades
   294 | D:1      | Gained mutation: You are immune to rotting. [demonic ancestry]
   294 | D:1      | Reached XP level 2. HP: 19/21 MP: 4/4
   951 | D:2      | Reached XP level 3. HP: 19/27 MP: 5/5
  1224 | D:2      | HP: 1/27 [poisoned by an adder]
  1225 | D:2      | Slain by a jackal

Vault maps used:
D:1:      dpeg_arrival_brainrot
D:2:      nicolae_ru_awakened_eye

Skill      XL: |  1 |
---------------+----+-----
Short Blades   | 1 |  1.7
Fighting       | |  1.9
Dodging        | |  1.7
Stealth        | |  0.8
Evocations     | |  3.5

Action                   || total
-------------------------++-------
Melee: Short sword       ||   106
  Use: Potion            ||     1
 Stab: Sleeping          ||     3
  Eat: Chunk             ||     1
Armor: Leather armour    ||    26
Dodge: Dodged            ||    67

Table legend:
 A = Spawn XP
 B = Non-spawn XP
 C = Spawn XP percentage of total XP
 D = Spawn monster count
 E = Non-spawn monster count
 F = Spawn count percentage of total count
 G = Total turns spent on level
                    A         B        C        D         E        F      G
               +---------+---------+-------+---------+---------+-------+---------
         Total |       0 |      49 |   0.0 |       0 |      21 |   0.0 |  1225
               +---------+---------+-------+---------+---------+-------+---------
           D:1 |       0 |      38 |   0.0 |       0 |      15 |   0.0 |   926
           D:2 |       0 |      11 |   0.0 |       0 |       6 |   0.0 |   299
               +---------+---------+-------+---------+---------+-------+---------
